 Dungeon Sprint DCSS version 0.29.1-15-g9cfb28693d (webtiles) character file.

Game seed: 2659114565576270291

1432 Hakkniv the Geomancer (level 8, -6/57 HPs)
             Began as a Gargoyle Earth Elementalist on Apr 3, 2023.
             Was a Priest of Vehumet.
             Mangled by a two-headed ogre
             ... wielding a +0 giant club
              (16 damage)
             ... in the Dungeon (Sprint III: "The Ten Rune Challenge").
             The game lasted 00:10:47 (1540 turns).

Hakkniv the Geomancer (Gargoyle Earth Elementalist) Turns: 1540, Time: 00:10:47

Health: -6/57      AC:  7    Str: 11    XL:     8   Next: 73%
Magic:  12/20      EV: 14    Int: 19    God:    Vehumet [***...]
Gold:   46         SH:  0    Dex: 10    Spells: 11/23 levels left

rFire   . . .      SeeInvis .   d - +0 dire flail
rCold   + . .      Faith    .   (shield currently unavailable)
rNeg    + . .      Spirit   .   i - +0 robe {rC+}
rPois   ∞          Reflect  .   (no helmet)
rElec   +          Harm     .   (no cloak)
rCorr   .          Rampage  .   (no gloves)
Will    .....      NoTele   +   (no boots)
Stlth   ++........              (no amulet)
HPRegen 0.19/turn               (no ring)
MPRegen 0.17/turn               (no ring)

@: no status effects
A: sickness immunity, AC +5, negative energy resistance 1, electricity
resistance, torment resistance 1, petrification resistance
a: Renounce Religion


You were in the Dungeon.
You worshipped Vehumet.
Vehumet was most pleased with you.
You visited 1 branch You collected 46 gold pieces.

Inventory:

Hand Weapons
 d - a +0 dire flail (weapon)
Armour
 i - a +0 robe of cold resistance (worn)
Scrolls
 a - 2 scrolls of torment
 g - a scroll of identify
Potions
 b - 2 potions of magic
 c - a potion of curing
 f - a potion of berserk rage
 j - 2 potions of flight
 k - a potion of attraction
 l - a potion of lignification
 m - 4 potions of mutation
Miscellaneous
 e - a lightning rod (4/4)


   Skills:
 + Level 9.6 Fighting
 + Level 0.0 Maces & Flails
 + Level 7.7 Dodging
 - Level 2.1 Stealth
 + Level 8.4 Spellcasting
 + Level 4.9 Conjurations
 + Level 3.9 Transmutations
 + Level 0.0 Fire Magic
 + Level 11.2 Earth Magic


You had 11 spell levels left.
You knew the following spells:

 Your Spells              Type           Power      Damage    Failure   Level
a - Sandblast             Erth           100%       2d20      1%          1
b - Stone Arrow           Conj/Erth      76%        3d11      1%          3
c - Passwall              Tmut/Erth      30%        N/A       1%          2
d - Petrify               Tmut/Erth      36%        N/A       3%          4
e - Scorch                Fire           14%        2d5       3%          2

Your spell library contained the following spells:

 Spells                   Type           Power      Damage    Failure   Level
 Static Discharge         Conj/Air       17%        3-6/arc   1%          2
 Dazzling Flash           Conj/Hex       34%        N/A       2%          3
 Iskenderun's Mystic Bla  Conj/Tloc      17%        2d5       9%          4
 Starburst                Conj/Fire      8%         6d4       73%         6


Dungeon Overview and Level Annotations

Branches:
Dungeon (1/1)

Altars:
Cheibriados
Dithmenos
Elyvilon
Fedhas
Gozag
Hepliaklqana
Kikubaaqudgha
Makhleb
Nemelex Xobeh
Okawaru
Qazlal
Ru
Sif Muna
Trog
Uskayaw
Vehumet
Wu Jian
Xom
Yredelemnul
Zin
The Shining One
Jiyva
Lugonu


Innate Abilities, Weirdness & Mutations

You are immune to sickness and miasma.
Your stone body is resilient. (AC +5)
You are immune to poison.
You resist negative energy. (rN+)
You are resistant to electric shocks. (rElec)
You are resistant to unholy torment.
You are immune to petrification.


Message History

Press: ? - help, Shift-Dir - straight line, f/p - two-headed ogre
Aim: a two-headed ogre, wielding two +0 giant clubs (lightly wounded, petrified, 100% to hit)
The blast of sand hits the two-headed ogre.
The two-headed ogre is lightly wounded.
Casting: Sandblast (safe; 1% risk of failure)
Confirm with . or Enter, or press ? or * to list all spells.
Aiming: Sandblast (safe; 1% risk of failure)
Press: ? - help, Shift-Dir - straight line, f/p - two-headed ogre
Aim: a two-headed ogre, wielding two +0 giant clubs (lightly wounded, petrified, 100% to hit)
The blast of sand hits the two-headed ogre!!
The two-headed ogre is moderately wounded.
Casting: Sandblast (safe; 1% risk of failure)
Confirm with . or Enter, or press ? or * to list all spells.
Aiming: Sandblast (safe; 1% risk of failure)
Press: ? - help, Shift-Dir - straight line, f/p - two-headed ogre
Aim: a two-headed ogre, wielding two +0 giant clubs (moderately wounded, petrified, 100% to hit)
The blast of sand hits the two-headed ogre!!
The two-headed ogre is heavily wounded.
Casting: Sandblast (safe; 1% risk of failure)
Confirm with . or Enter, or press ? or * to list all spells.
Aiming: Sandblast (safe; 1% risk of failure)
Press: ? - help, Shift-Dir - straight line, f/p - two-headed ogre
Aim: a two-headed ogre, wielding two +0 giant clubs (heavily wounded, petrified, 100% to hit)
The blast of sand hits the two-headed ogre!
The two-headed ogre is severely wounded.
The two-headed ogre is no longer petrified.
Casting: Sandblast (safe; 1% risk of failure)
Confirm with . or Enter, or press ? or * to list all spells.
Aiming: Sandblast (safe; 1% risk of failure)
Press: ? - help, Shift-Dir - straight line, f/p - two-headed ogre
Aim: a two-headed ogre, wielding two +0 giant clubs (heavily wounded, 93% to hit)
The blast of sand hits the two-headed ogre!
The two-headed ogre is severely wounded.
The two-headed ogre hits you with a +0 giant club!!
The two-headed ogre misses you.
The two-headed ogre attacks as you move away!
The two-headed ogre hits you with a +0 giant club!
* * * LOW HITPOINT WARNING * * *
The two-headed ogre hits you with a +0 giant club!
You die...

########### ___#___#__#
.).#__)#._# ##'#'###)##
..........# .⌠........#
...######)#
.⌠.#__#...#+###########
...#__#...#....#@#.#..
'###__#...##.#..#O##.#
)..#__#...)##.#.#.##.#
___#__'...#)..#..#..##
▓▓▓▓▓▓▓▓▓▓▓▓▓▓▓▓▓▓▓▓▓


You could see a two-headed ogre.

Vanquished Creatures
  A deep elf pyromancer (D)
  A shadow (D)
  A spatial vortex (D)
  3 two-headed ogres (D)
  A water elemental (D)
  A necrophage (D)
  A jelly (D)
  A wizard (D)
  Jessica (D)
  A necromancer (D)
  3 humans (D)
  A kobold demonologist (D)
  A phantom (D)
  3 rats (D)
20 creatures vanquished.

Notes
Turn   | Place    | Note
-------+----------+-------------------------------------------
     0 | D        | Hakkniv the Gargoyle Earth Elementalist began the quest for
                  | the Orb.
     0 | D        | Reached XP level 1. HP: 10/10 MP: 3/3
    26 | D        | Noticed Jessica
    31 | D        | Killed Jessica
    32 | D        | Reached skill level 5 in Earth Magic
    32 | D        | Reached XP level 2. HP: 8/18 MP: 1/6
    32 | D        | Reached XP level 3. HP: 10/22 MP: 1/7
   500 | D        | Noticed a water elemental
   507 | D        | Killed a water elemental
   508 | D        | Reached skill level 6 in Earth Magic
   508 | D        | Reached XP level 4. HP: 28/30 MP: 2/10
   690 | D        | Found a glowing silver altar of Zin.
   690 | D        | Found a glowing golden altar of the Shining One.
   690 | D        | Found a white marble altar of Elyvilon.
   691 | D        | Noticed a deep elf pyromancer
   696 | D        | Killed a deep elf pyromancer
   697 | D        | Reached skill level 9 in Earth Magic
   697 | D        | Reached XP level 5. HP: 11/39 MP: 6/14
   697 | D        | Reached XP level 6. HP: 12/44 MP: 6/16
   697 | D        | Reached XP level 7. HP: 14/49 MP: 6/17
   926 | D        | Learned a level 3 spell: Stone Arrow
   929 | D        | Learned a level 2 spell: Passwall
   934 | D        | Learned a level 4 spell: Petrify
   939 | D        | Found a radiant altar of Vehumet.
   939 | D        | Found a shimmering blue altar of Sif Muna.
   939 | D        | Found an ancient bone altar of Kikubaaqudgha.
   991 | D        | Reached skill level 1 in Transmutations
  1071 | D        | Became a worshipper of Vehumet
  1081 | D        | Found a hide-covered altar of Uskayaw.
  1081 | D        | Found an iron altar of Okawaru.
  1081 | D        | Found a bloodstained altar of Trog.
  1081 | D        | Found an ornate altar of the Wu Jian Council.
  1081 | D        | Noticed a human
  1081 | D        | Noticed a human
  1103 | D        | Killed a human
  1104 | D        | Reached skill level 10 in Earth Magic
  1168 | D        | Killed a human
  1229 | D        | Found a basalt altar of Yredelemnul.
  1229 | D        | Found a shadowy altar of Dithmenos.
  1229 | D        | Found a sacrificial altar of Ru.
  1230 | D        | Reached * piety under Vehumet
  1230 | D        | Offered knowledge of Freeze by Vehumet.
  1231 | D        | Reached XP level 8. HP: 56/56 MP: 17/19
  1270 | D        | Noticed a shadow
  1275 | D        | Killed a shadow
  1277 | D        | Reached ** piety under Vehumet
  1332 | D        | Found a blossoming altar of Fedhas.
  1332 | D        | Found a stormy altar of Qazlal.
  1333 | D        | Found a snail-covered altar of Cheibriados.
  1333 | D        | Found a burning altar of Makhleb.
  1333 | D        | Found a hazy altar of Hepliaklqana.
  1333 | D        | Found a shimmering altar of Xom.
  1333 | D        | Found an opulent altar of Gozag.
  1333 | D        | Found a sparkling altar of Nemelex Xobeh.
  1333 | D        | Found a corrupted altar of Lugonu.
  1333 | D        | Found a viscous altar of Jiyva.
  1374 | D        | Offered knowledge of Scorch by Vehumet.
  1375 | D        | Reached skill level 11 in Earth Magic
  1378 | D        | Learned a level 2 spell: Scorch
  1393 | D        | Offered knowledge of Static Discharge by Vehumet.
  1393 | D        | Reached *** piety under Vehumet
  1521 | D        | Noticed a two-headed ogre
  1540 | D        | Mangled by a two-headed ogre

Illustrated notes

Levels and vault maps discovered:
D:        dungeon_sprint_mu [sprint_mu_entry_cave, sprint_mu_temple_rooms,
          sprint_mu_d1_spiders, sprint_mu_d2_genie, sprint_mu_d3_branching,
          sprint_mu_orc_legion, sprint_mu_elf_gauntlet, sprint_mu_hive_nellie,
          sprint_mu_lair_fedhas, sprint_mu_vaults_butterflies,
          sprint_mu_slime_circle, sprint_mu_shoals_archi,
          sprint_mu_snake_twists, sprint_mu_blade_basic,
          sprint_mu_crypt_fortress, sprint_mu_tomb_spiral,
          sprint_mu_vestibule_basic, sprint_mu_gehenna_hellfire,
          sprint_mu_dis_giant, sprint_mu_tartarus_statrot,
          sprint_mu_cocytus_islands, sprint_mu_zot1]

Skill      XL: |  1  2  3  4  5  6  7  8 |
---------------+-------------------------+-----
Fighting       | 2 4 8 9 |  9.6
Dodging        | 2 4 6 7 |  7.7
Spellcasting   | 3 4 7 8 |  8.4
Earth Magic    | 5 6 9 10 11 | 11.2
Transmutations | 2 3 |  3.9
Conjurations   | 3 4 |  4.9
Stealth        | |  2.1

Action                   |  1- 3 |  4- 6 |  7- 9 || total
-------------------------+-------+-------+-------++-------
Melee: Unarmed           |     7 |       |       ||     7
       Short sword       |     4 |       |       ||     4
 Cast: Sandblast         |    18 |     4 |    39 ||    61
       Passwall          |       |       |     4 ||     4
       Stone Arrow       |       |       |     2 ||     2
       Petrify           |       |       |     5 ||     5
Evoke: Lightning rod     |       |       |     3 ||     3
  Use: Scroll            |     4 |       |       ||     4
       Potion            |     2 |     1 |     1 ||     4
Armor: Robe              |     4 |       |     3 ||     7
Dodge: Dodged            |    11 |       |    24 ||    35
